AoeStats
← LILtrashbucket

Arabia

510369539Analyzed
1v1 RM · 2d ago on Sep 30, 2026· 29m 30s· 2 players
Game mode
Random Map
Map size
Tiny (2 player)
Population
200
Speed
Normal
Resources
Standard
Victory
Conquest
Starting age
Dark Age
Ending age
Imperial Age
RankedLock teamsTeams togetherTeam positionsShared explorationLock speedFull tech treeHidden civsTurbo modeCheats
Victory
Defeat
🇧🇬 Poles · Bulgaria
1341
+15
🇺🇸 Koreans · United States
1315
-15
LILtrashbucket
7:37 Loom
9:24 Feudal Age
11:14 Double-Bit Axe
14:02 Wheelbarrow
13:24 Fletching
22:20 Castle Age
20:32 Scale Mail Armor
20:55 Gold Mining
21:59 Horse Collar
22:45 Forging
23:25 Chain Mail Armor
24:06 Iron Casting
25:14 Squires
IYI_cptn
9:27 Feudal Age
7:42 Loom
10:06 Horse Collar
10:12 Double-Bit Axe
13:33 Forging
17:20 Bloodlines
17:17 Scale Barding Armor
21:27 Castle Age
22:13 Wheelbarrow
21:30 Light Cavalry
22:32 Chain Barding Armor
22:18 Husbandry
22:49 Bow Saw
25:40 Iron Casting
Connection lost

Rejoining the realm…

Still unreachable

The connection could not be restored.

Session expired

The server has moved on; the page needs a fresh start.